 Dungeon Crawl Stone Soup version 0.30-a0-743-gbfdf073431 (webtiles) character file.

Game seed: 15482450061860642192

156 screamidelica the Ruffian (level 5, 0/50 HPs)
             Began as a Troll Delver on Feb 6, 2023.
             Slain by a kobold brigand
             ... wielding a +0 whip
              (7 damage)
             ... in a sewer.
             The game lasted 00:03:02 (486 turns).

screamidelica the Ruffian (Troll Delver)             Turns: 486, Time: 00:03:03

Health: 0/50       AC:  4    Str: 22    XL:     5   Next: 15%
Magic:  4/4        EV:  9    Int:  6    God:
Gold:   16         SH:  0    Dex: 11    Spells: 4/4 levels left

rFire   . . .      SeeInvis .      - Unarmed
rCold   . . .      Faith    .    (no shield)
rNeg    . . .      Spirit   .    a - +0 robe
rPois   .          Reflect  .    (helmet restricted)
rElec   .          Harm     .    (no cloak)
rCorr   .          Rampage  .    (gloves unavailable)
Will    .....                    (boots unavailable)
Stlth   ++                       (no amulet)
HPRegen 1.08/turn                (no ring)
MPRegen 0.09/turn                (no ring)

@: lethally poisoned (0 -> 0), hasted and slowed
A: large, unfitting armour, claws 3, regeneration 1, shaggy fur 1, tough skin 1
a: no special abilities


You were in a sewer.
You visited 1 branch of the dungeon, and saw 3 of its levels.
You also visited: Sewer.

You collected 16 gold pieces.

Inventory:

Armour
 a - a +0 robe (worn)
Wands
 c - a wand of flame (9)
 f - a wand of digging (3)
Scrolls
 b - 2 scrolls of fog
 d - a scroll of fear
 g - a scroll of identify {unknown}
Potions
 e - a potion of haste
 h - a potion of magic {unknown}
 i - 3 potions of brilliance {unknown}
 j - a potion of might {unknown}
 k - a potion of curing {unknown}
 l - a potion of attraction {unknown}
 m - a potion of mutation {unknown}


   Skills:
 - Level 2.4 Fighting
 - Level 1.5 Dodging
 - Level 2.7 Stealth
 + Level 5.4 Unarmed Combat


You had 4 spell levels left.
You didn't know any spells.
Your spell library contained the following spells:

 Spells                   Type           Power      Damage    Failure   Level
 Beastly Appendage        Tmut           0%         N/A       45%         1
 Wereblood                Tmut           0%         N/A       58%         2
 Spider Form              Tmut/Pois      0%         N/A       83%         3


Dungeon Overview and Level Annotations

Branches:
Dungeon (5/15)              Sewer (1/1)
 Temple: D:4-7

Altars:

Annotations:
D:4 Eustachio


Innate Abilities, Weirdness & Mutations

You are too large for most types of armour.
You have claws for hands.
Your natural rate of healing is unusually fast.
You are covered in fur. (AC +1)
You have tough skin. (AC +1)


Message History

You have difficulty breathing.
You feel yourself slow down.
You feel very sick.
The kobold brigand hits you with a +0 whip.
The kobold brigand hits you with a +0 whip!
The ball python closely misses you.
The adder hisses angrily.
You scratch the kobold brigand.
The kobold brigand is moderately wounded.
You feel very sick.
The ball python bites you but does no damage.
The kobold brigand barely misses you.
The ball python bites you but does no damage.
You barely miss the kobold brigand.
The kobold brigand is moderately wounded.
You feel sick.
The kobold brigand hits you with a +0 whip!
The adder bites you.
* * * LOW HITPOINT WARNING * * *
The ball python bites you but does no damage.
The kobold brigand barely misses you.
You claw the kobold brigand!
The kobold brigand is heavily wounded.
You feel sick. The adder bites you but does no damage.
The ball python bites you but does no damage.
The adder barely misses you. The kobold brigand barely misses you.
The ball python barely misses you.
You feel yourself speed up.
You feel sick. The adder bites you.
* * * LOW HITPOINT WARNING * * *
The ball python closely misses you.
The kobold brigand hits you with a +0 whip.
* * * LOW HITPOINT WARNING * * *
The adder bites you.
* * * LOW HITPOINT WARNING * * *
The ball python barely misses you. The kobold brigand closely misses you.
The adder attacks as you move away! The adder closely misses you.
You feel sick. The ball python barely misses you. The adder barely misses you.
The kobold brigand attacks as you move away!
The kobold brigand hits you with a +0 whip!
You die...

##### ##### ##..~## ##...##
#.....#####.....# #
#.....≈≈≈≈≈~~..~# #
#.KSS~#####....~# # ##.@~##
##~.~## ##~## ##†## #~# #~#
#~# #~# ##### ##~## ##~##
##~..## ##~..## ##...## #
#..~.~####.~~~.#####.....####
#....~~~~~~~∩.~≈≈≈≈≈~....~~~~
#.....####.~...#####....~####


You could see a kobold brigand, an adder and a ball python.

Vanquished Creatures
  A scorpion (D:3)
  4 adders
  4 river rats
  4 worms
  A ball python (Sewer)
  2 endoplasms (Sewer)
  A hobgoblin (D:3)
  5 kobolds (Sewer)
  A quokka (D:3)
  2 rats
25 creatures vanquished.

Notes
Turn   | Place    | Note
-------+----------+-------------------------------------------
     0 | D:5      | screamidelica the Troll Delver began the quest for the Orb.
     0 | D:5      | Reached XP level 1. HP: 22/22 MP: 0/0
    51 | D:5      | Reached XP level 2. HP: 20/29 MP: 1/1
   158 | D:4      | Noticed an ogre
   158 | D:4      | Noticed Eustachio
   184 | D:3      | Reached skill level 3 in Unarmed Combat
   191 | D:3      | Noticed a scorpion
   196 | D:3      | Killed a scorpion
   197 | D:3      | Reached skill level 4 in Unarmed Combat
   197 | D:3      | Reached XP level 3. HP: 31/36 MP: 2/2
   197 | D:3      | Reached XP level 4. HP: 38/44 MP: 3/3
   235 | D:3      | Found a glowing drain.
   241 | Sewer    | Entered a sewer
   387 | Sewer    | Reached skill level 5 in Unarmed Combat
   446 | Sewer    | Reached XP level 5. HP: 48/50 MP: 4/4
   486 | Sewer    | Slain by a kobold brigand

Illustrated notes

Levels and vault maps discovered:
D:3:      layout_loops_ring, mainiacjoe_overflow_boulevard,
          gup_sewer_entry_bowl, serial_shops, shop, uniq_crazy_yiuf_cottage
D:4:      nicolae_cairo_tiling_large_dashed, layout_rooms, temple_hall,
          minmay_snake_closets, uniq_duvessa, uniq_eustachio
D:5:      layout_basic
Sewer:    sewer_co_15_rooms

Skill      XL: |  1  2  3  4 |
---------------+-------------+-----
Unarmed Combat | 4 5 |  5.4
Fighting       | |  2.4
Dodging        | |  1.5
Stealth        | |  2.7

Action                     |  1- 3 |  4- 6 || total
---------------------------+-------+-------++-------
  Melee: Unarmed           |    18 |    56 ||    74
         Punch             |     1 |     1 ||     2
    Use: Scroll            |     1 |       ||     1
         Potion            |       |     1 ||     1
   Stab: Sleeping          |     2 |     4 ||     6
 Armour: Robe              |     3 |    16 ||    19
  Dodge: Dodged            |     2 |    31 ||    33

Table legend: (Time is in decaauts)
 A = Elapsed time spent in this place.
 B = Non-inter-level travel time spent in this place.
 C = Inter-level travel time spent in this place.
 D = Time resting spent in this place.
 E = Time spent auto-exploring this place.
 F = Levels seen in this place.
 G = Mean time per level.
                   A        B        C        D        E       F      G
               +--------+--------+--------+--------+--------+-----+--------+
         Total |    482 |    482 |      0 |     39 |      0 |   4 |  120.5 |
       Dungeon |    239 |    239 |      0 |      8 |      0 |   3 |   79.7 |
         Sewer |    242 |    242 |      0 |     31 |      0 |   1 |  242.0 |
               +--------+--------+--------+--------+--------+-----+--------+

Top non-repeatable levels by time:
   Sewer: 242 daAuts
     D:5: 84 daAuts
     D:4: 80 daAuts
     D:3: 74 daAuts
